 Dungeon Crawl Stone Soup version 0.31-a0-1570-g93c622d222 (webtiles) character file.

Game seed: 11953030282775589045

25603 jt the Toxicologist (level 13, 0/132 HPs)
             Began as a Merfolk Alchemist on Jan 3, 2024.
             Was a Believer of Uskayaw.
             Slain by a warg (2 damage)
             ... on level 1 of the Orcish Mines.
             The game lasted 00:51:19 (15948 turns).

jt the Toxicologist (Merfolk Alchemist)            Turns: 15948, Time: 00:51:20

Health: 0/132      AC: 23    Str: 16    XL:     13   Next: 20%
Magic:  25/28      EV: 13    Int: 21    God:    Uskayaw [**....]
Gold:   821        SH:  0    Dex: 17    Spells: 15/34 levels left

rFire   + . .        I - +9 spear "Relak" {holy, *Rage Fly Will- MP+9}
rCold   + . .        (no shield)
rNeg    + . .        n - +4 swamp dragon scales "Cuazufoh" {rElec rPois rF+ rN+ MP-9}
rPois   +            e - +1 helmet {Int+3}
rElec   +            D - +0 cloak
rCorr   .            T - +0 pair of gloves {Dex+3}
SInv    .            J - +1 pair of boots
Will    .....        z - amulet of regeneration Stlth
                     d - +6 ring of strength
HPRegen 1.22/turn    j - ring of protection from cold
MPRegen 0.21/turn

%: random rage (20%)
@: berserking, ice-armoured, flying, very quick
A: (nimble swimmer 2), mertail
a: Renounce Religion, Stomp, Line Pass


You were on level 1 of the Orcish Mines.
You worshipped Uskayaw.
Uskayaw was noncommittal.
You visited 3 branches of the dungeon, and saw 16 of its levels.

You collected 1077 gold pieces.
You spent 256 gold pieces at shops.

Inventory:

Hand Weapons
 i - a +0 sling
 m - a +0 scythe of protection
 I - the +9 spear "Relak" (weapon) {holy, *Rage Fly Will- MP+9}
   (You found it on level 10 of the Dungeon)

   Will-:     It decreases your willpower.
   MP+9:      It affects your magic capacity (+9).
   Fly:       It grants you flight.
   *Rage:     It berserks you when you make melee attacks (+20% chance).
 M - the +6 rapier of the Spectre {freeze, Fly Str-4 Int+3}
   (You found it on level 6 of the Dungeon)

   Str-4:     It affects your strength (-4).
   Int+3:     It affects your intelligence (+3).
   Fly:       It grants you flight.
Missiles
 w - 2 poisoned darts
 K - 5 throwing nets
 Z - 2 curare-tipped darts
Armour
 c - a +3 leather armour of poison resistance
 e - a +1 helmet of intelligence (worn)
 n - the +4 swamp dragon scales "Cuazufoh" (worn) {rElec rPois rF+ rN+ MP-9}
   (You took it off a wight on level 7 of the Dungeon)

   rF+:       It protects you from fire.
   rElec:     It insulates you from electricity.
   rPois:     It protects you from poison rN+: It protects you from negative
   energy.
   MP-9:      It affects your magic capacity (-9).
 t - a +2 robe of fire resistance
 D - a +0 cloak (worn)
 J - a +1 pair of boots (worn)
 O - a +0 buckler
 T - a +0 pair of gloves of dexterity (worn)
Jewellery
 a - a ring of flight
 d - a +6 ring of strength (left hand)
 h - a +5 ring of evasion
 j - a ring of protection from cold (right hand)
 l - a ring of positive energy
 o - the ring "Juzups" {+Blink rPois rCorr Dex-3}
   (You found it on level 11 of the Dungeon)

   [ring of resist corrosion]

   Dex-3:     It affects your dexterity (-3).
   rPois:     It protects you from poison +Blink: It lets you blink.
   rCorr:     It protects you from acid and corrosion.
 v - an amulet of faith
 z - an amulet of regeneration (around neck)
 P - a ring of see invisible
 R - a ring of wizardry
 W - a ring of poison resistance
Talismans
 f - a flux talisman
 q - a beast talisman
Wands
 g - a wand of digging (10)
 F - a wand of acid (8)
 N - a wand of paralysis (3)
 Y - a wand of flame (17)
Scrolls
 s - 3 scrolls of revelation
 x - a scroll of immolation
 A - 3 scrolls of noise
 B - 2 scrolls of enchant weapon
 C - 5 scrolls of teleportation
 G - a scroll of brand weapon
 L - 2 scrolls of amnesia
 Q - 2 scrolls of fog
 S - 3 scrolls of vulnerability
 V - a scroll of poison
Potions
 b - a potion of magic
 k - 3 potions of curing
 p - a potion of heal wounds
 r - 3 potions of attraction
 u - 2 potions of enlightenment
 H - a potion of mutation
 U - 2 potions of might
 X - a potion of lignification


   Skills:
 - Level 4.0 Fighting
 - Level 4.0 Polearms
 - Level 4.0 Armour
 - Level 5.0 Dodging
 - Level 2.1 Stealth
 + Level 11.0 Spellcasting
 - Level 5.0 Conjurations
 - Level 4.0 Fire Magic
 + Level 5.7 Ice Magic
 - Level 4.0 Air Magic
 + Level 14.5 Alchemy
 - Level 5.0 Invocations
 - Level 5.0 Evocations


You had 15 spell levels left.
You knew the following spells:

 Your Spells              Type           Power      Damage    Failure   Level
a - Sting                 Conj/Alch      100%       1d9       1%          1
b - Olgreb's Toxic Radia  Alch           64%        N/A       1%          4
c - Mephitic Cloud        Conj/Alch/Air  44%        N/A       1%          3
d - Sticky Flame          Fire/Alch      50%        2d9       2%          4
e - Fulminant Prism       Conj/Alch      25%        3d13      1%          4
f - Ozocubu's Armour      Ice            35%        N/A       3%          3

Your spell library contained the following spells:

 Spells                   Type           Power      Damage    Failure   Level
 Mercury Vapours          Alch/Air       100%       N/A       1%          2
 Static Discharge         Conj/Air       60%        3-6/arc   2%          2
 Volatile Blastmotes      Fire/Tloc      40%        2d13      14%         3
 Airstrike                Air            14%        2d(2-18)  21%         4
 Sculpt Simulacrum        Ice/Alch       26%        N/A       24%         6
 Brom's Barrelling Bould  Conj/Erth      22%        2d4       36%         4
 Iskenderun's Mystic Bla  Conj/Tloc      22%        2d6       36%         4
 Iskenderun's Battlesphe  Conj           32%        2d8       36%         5
 Summon Lightning Spire   Summ/Air       20%        N/A       41%         4
 Fireball                 Conj/Fire      15%        3d8       41%         5
 Metabolic Englaciation   Hex/Ice        11%        N/A       65%         5
 Conjure Ball Lightning   Conj/Air       15%        3x3d6     94%         6
 Orb of Destruction       Conj           16%        9d7       100%        7


Dungeon Overview and Level Annotations

Branches:
Dungeon (13/15)            Temple (1/1) D:6            Lair (0/5) D:8
    Orc (2/2) D:12
    Elf: Orc:2       Vaults: D:13-14

Altars:
Ashenzari
Cheibriados
Dithmenos
Elyvilon
Fedhas
Gozag
Hepliaklqana
Kikubaaqudgha
Makhleb
Nemelex Xobeh
Okawaru
Qazlal
Ru
Sif Muna
Trog
Uskayaw
Vehumet
Wu Jian
Xom
Yredelemnul
Zin
The Shining One

Shops:
D:9 *=   D:10 [   D:11 [


Innate Abilities, Weirdness & Mutations

((You are very nimble when in or above water. (Stealth+, EV+, Speed+++)))
Your lower body shifts to a powerful aquatic tail in water.


Message History

The warg bites you!
* * * LOW HITPOINT WARNING * * *
The warg misses you.
Okay, then.
Okay, then.
Aiming: Corrosive Bolt
Press: ? - help, Shift-Dir - straight line, f - warg
Aim: a warg (67% to hit)
The bolt of acid hits the warg!!
The acid corrodes the warg!
The warg is heavily wounded.
The warg bites you.
* * * LOW HITPOINT WARNING * * *
The warg closely misses you.
Okay, then.
Okay, then.
Casting: Olgreb's Toxic Radiance (safe; 1% risk of failure)
Confirm with . or Enter, or press ? or * to list all spells.
A film of ice covers your body! The warg barely misses you.
The warg closely misses you. The warg barely misses you.
The warg bites you but does no damage.
Unknown command.
A red film seems to cover your vision as you go berserk!
You feel yourself moving faster!
You feel mighty!
You barely miss the warg.
The warg is heavily wounded.
The warg bites you but does no damage. x2
You barely miss the warg.
The warg is heavily wounded.
The warg bites you!
* * * LOW HITPOINT WARNING * * *
The warg barely misses you.
You puncture the warg! You punch the warg.
The warg is almost dead.
The warg closely misses you. The warg barely misses you.
You can now pass through a line of other dancers.
You closely miss the warg.
The warg is almost dead.
The warg bites you!
* * * LOW HITPOINT WARNING * * *
The warg bites you.
You die...

#### ### ##..## #####.###
#....# #..#....# #####..##
####......## #......#.
###..#.......####.......
##.#...h.....##.#..))....
#.......@#........).###..
##.......h#.........## #..
#...<[..#.##........# ##..
#####.[....#........###...
##.....#...#......##..
##........###........
##.[....###.##.......
#......#.#...........
##.....#.##.##......#


You could see 2 wargs.

Vanquished Creatures
  Gastronok (D:9)
  5 two-headed ogres
  A centaur warrior (D:12)
  Erica (D:10)
  A boulder beetle (D:11)
  A fire crab (D:8)
  An orc knight (Orc:2)
  A cyclops (D:13)
  2 ugly things (D:12)
  A manticore (D:11)
  Joseph (D:10)
  A komodo dragon (D:10)
  4 trolls
  4 hornets
  5 slime creatures (D:12)
  Sigmund (D:4)
  21 yaks
  2 wraiths
  A shadow (D:12)
  7 wargs
  A yak (shapeshifter) (D:13)
  A basilisk (D:12)
  A steam dragon (D:7)
  10 vampire mosquitoes
  Edmund (D:5)
  3 water moccasins
  An acid dragon (D:11)
  A sky beast (D:7)
  15 orc warriors
  An ice beast (D:4)
  5 black bears
  5 ogres
  2 laughing skulls (D:13)
  8 centaurs
  9 phantoms
  2 bullfrogs (D:6)
  2 gnoll sergeants
  4 scorpions (D:7)
  9 wights
  13 killer bees
  4 centaur zombies (D:7)
  3 bombardier beetles
  7 hounds
  2 jellies
  Crazy Yiuf (D:4)
  A gnoll bouda (D:5)
  7 orc priests
  2 iguanas
  4 scorpion zombies (D:7)
  7 sleepcaps
  19 orc wizards
  2 killer bee zombies (D:7)
  17 gnolls
  15 adders
  9 shadow imps
  2 white imps
  2 ufetubi (D:6)
  3 dart slugs
  3 ribbon worms
  57 orcs
  4 ball pythons
  8 bats
  7 endoplasms
  2 giant cockroaches
  11 goblins
  17 hobgoblins
  3 quokkas
  4 frilled lizards
  4 kobolds
  9 rats
  A fulminant prism (D:7)
393 creatures vanquished.

Vanquished Creatures (others)
  28 fulminant prisms
28 creatures vanquished.

Grand Total: 421 creatures vanquished

Notes
Turn   | Place    | Note
-------+----------+-------------------------------------------
     0 | D:1      | jt the Merfolk Alchemist began the quest for the Orb.
     0 | D:1      | Reached XP level 1. HP: 13/13 MP: 3/3
   253 | D:1      | Reached XP level 2. HP: 19/19 MP: 1/5
   540 | D:1      | Reached XP level 3. HP: 24/24 MP: 4/6
   835 | D:1      | Reached skill level 5 in Alchemy
  1511 | D:2      | Reached XP level 4. HP: 28/30 MP: 4/8
  1815 | D:2      | Found a hazy altar of Hepliaklqana.
  2015 | D:3      | Reached skill level 6 in Alchemy
  2476 | D:3      | Reached XP level 5. HP: 35/35 MP: 7/9
  2619 | D:3      | Noticed a black bear
  2628 | D:3      | Killed a black bear
  2629 | D:3      | Reached skill level 7 in Alchemy
  2643 | D:3      | Learned a level 4 spell: Olgreb's Toxic Radiance
  2768 | D:3      | Reached skill level 8 in Alchemy
  2768 | D:3      | Reached XP level 6. HP: 41/41 MP: 2/10
  3067 | D:4      | Found a hide-covered altar of Uskayaw.
  3113 | D:4      | Noticed a yak
  3125 | D:4      | Noticed a yak
  3127 | D:4      | Killed a yak
  3127 | D:4      | Noticed a yak
  3128 | D:4      | Reached skill level 9 in Alchemy
  3135 | D:4      | Became a worshipper of Uskayaw the Reveller
  3220 | D:4      | Reached * piety under Uskayaw
  3224 | D:4      | Reached XP level 7. HP: 46/46 MP: 5/11
  3231 | D:4      | Reached ** piety under Uskayaw
  3309 | D:4      | Reached skill level 1 in Polearms
  3309 | D:4      | Reached skill level 10 in Alchemy
  3374 | D:4      | Found a basalt altar of Yredelemnul.
  3413 | D:4      | Noticed Sigmund
  3423 | D:4      | Killed Sigmund
  3858 | D:4      | Found a runed translucent door.
  3859 | D:4      | Noticed Crazy Yiuf
  3871 | D:4      | Learned a level 3 spell: Mephitic Cloud
  3961 | D:4      | Found a white marble altar of Elyvilon.
  4027 | D:4      | Reached skill level 1 in Conjurations
  4027 | D:4      | Reached XP level 8. HP: 49/52 MP: 12/12
  4056 | D:4      | Reached skill level 1 in Air Magic
  4176 | D:4      | Killed a yak
  4177 | D:4      | Reached skill level 11 in Alchemy
  4181 | D:4      | Killed a yak
  4181 | D:4      | Reached *** piety under Uskayaw
  4643 | D:4      | Found a snail-covered altar of Cheibriados.
  4785 | D:4      | Killed Crazy Yiuf
  4885 | D:5      | Entered Level 5 of the Dungeon
  5006 | D:5      | Noticed Edmund
  5078 | D:5      | Killed Edmund
  5079 | D:5      | Reached skill level 1 in Fighting
  5350 | D:5      | Reached XP level 9. HP: 61/61 MP: 8/13
  5803 | D:5      | Learned a level 4 spell: Sticky Flame
  5826 | D:5      | Reached **** piety under Uskayaw
  6070 | D:6      | Reached skill level 5 in Dodging
  6070 | D:6      | Reached skill level 12 in Alchemy
  6160 | D:6      | Found a staircase to the Ecumenical Temple.
  6169 | Temple   | Entered the Ecumenical Temple
  7243 | D:6      | Identified the +6 rapier of the Spectre {freeze, Fly Str-4
                  | Int+3}
  7469 | D:7      | Reached skill level 1 in Evocations
  7469 | D:7      | Reached XP level 10. HP: 71/71 MP: 13/17
  7664 | D:7      | Paralysed by a hornet for 2 turns
  7747 | D:7      | Learned a level 4 spell: Fulminant Prism
  8249 | D:7      | Reached skill level 5 in Evocations
  8660 | D:7      | Reached skill level 13 in Alchemy
  8728 | D:7      | Reached skill level 5 in Spellcasting
  8728 | D:7      | Reached skill level 1 in Fire Magic
  8738 | D:7      | Reached skill level 1 in Invocations
  8928 | D:7      | Identified the +4 swamp dragon scales "Cuazufoh" {rElec
                  | rPois rF+ rN+ MP-9}
  8939 | D:7      | Reached skill level 1 in Armour
  9719 | D:8      | Found a sparkling altar of Nemelex Xobeh.
  9796 | D:8      | Found a staircase to the Lair.
  9796 | D:8      | Noticed a fire crab
  9806 | D:8      | Killed a fire crab
  9807 | D:8      | Reached skill level 5 in Invocations
  9898 | D:8      | Noticed a two-headed ogre
  9906 | D:8      | Killed a two-headed ogre
  9907 | D:8      | Reached XP level 11. HP: 72/77 MP: 2/18
 10869 | D:9      | Noticed Gastronok
 10888 | D:9      | Killed Gastronok
 10959 | D:9      | Found Focvif's Serpentskin Sales.
 10967 | D:9      | Bought 3 curare-tipped darts for 39 gold pieces
 11159 | D:9      | Found Diphuos's Jewellery Shoppe.
 11403 | D:9      | Found a shimmering blue altar of Sif Muna.
 11624 | D:9      | Found a broken altar of Ashenzari.
 11630 | D:9      | Found a shimmering altar of Xom.
 11693 | D:10     | Entered Level 10 of the Dungeon
 11774 | D:10     | Reached ***** piety under Uskayaw
 11793 | D:10     | Reached ****** piety under Uskayaw
 11929 | D:10     | Noticed a two-headed ogre
 11942 | D:10     | Killed a two-headed ogre
 12073 | D:10     | Noticed Joseph
 12104 | D:10     | Killed Joseph
 12385 | D:10     | Noticed Erica
 12417 | D:10     | Identified the +9 spear "Relak" {holy, *Rage Fly Will-
                  | MP+9}
 12538 | D:10     | Killed Erica
 12539 | D:10     | Reached XP level 12. HP: 55/83 MP: 16/24
 12719 | D:10     | Found an iron altar of Okawaru.
 12822 | D:10     | Found Kigysm's Antique Armour Emporium.
 12876 | D:10     | Bought a runed helmet for 217 gold pieces
 13203 | D:11     | Noticed a boulder beetle
 13211 | D:11     | Killed a boulder beetle
 13338 | D:11     | Identified the ring "Juzups" {+Blink rPois rCorr Dex-3}
 13342 | D:11     | Found Suv Lit's Antique Armour Emporium.
 13352 | D:11     | Reached skill level 14 in Alchemy
 13446 | D:11     | Learned a level 3 spell: Ozocubu's Armour
 13642 | D:12     | Noticed a two-headed ogre
 13653 | D:12     | Killed a two-headed ogre
 13654 | D:12     | Reached skill level 5 in Conjurations
 13857 | D:12     | Found a staircase to the Orcish Mines.
 13893 | D:12     | Noticed a two-headed ogre
 13898 | D:12     | Killed a two-headed ogre
 14032 | D:12     | Reached skill level 10 in Spellcasting
 14033 | D:12     | Reached skill level 1 in Ice Magic
 14101 | D:12     | Noticed a two-headed ogre
 14121 | D:12     | Killed a two-headed ogre
 14439 | D:12     | Noticed a centaur warrior
 14449 | D:12     | Killed a centaur warrior
 15061 | D:13     | Reached XP level 13. HP: 88/88 MP: 23/27
 15190 | Orc:1    | Entered Level 1 of the Orcish Mines
 15452 | Orc:2    | Entered Level 2 of the Orcish Mines
 15649 | Orc:2    | Reached skill level 5 in Ice Magic
 15948 | Orc:1    | HP: 2/132 [warg (12)]
 15948 | Orc:1    | Slain by a warg

Illustrated notes

Levels and vault maps discovered:
D:1:      lightli_arrival_noodles, layout_loops_ring, serial_park_tiny_2,
          chequers_decorated_corner, minivault_5, kennysheep_doodads,
          kennysheep_pointless_box, grunt_decor_junction
D:2:      layout_basic, basic_altar
D:3:      minmay_octagon_keep, layout_basic
D:4:      layout_layer_cave, kennysheep_ying_yang, lemuel_doored_altar,
          cheibrodos_worm_habitat, uniq_sigmund, uniq_crazy_yiuf_cottage
D:5:      layout_rooms, uniq_edmund
D:6:      layout_gridville, minmay_temple_entry_mini_moons
D:7:      bobbens_index_wilting_gardens, layout_layer_cave
D:8:      layout_layer_cave, amcnicky_altar_gilded, minmay_lair_entry_lava,
          item_on_display_b
D:9:      layout_cave_pools, kennysheep_orc_sif_temple, minitemple,
          serial_shops, nicolae_shop_just_a_little_nook,
          minmay_misc_feat_diagonals, guppyfry_shop_venom, uniq_gastronok
D:10:     layout_big_octagon, lemuel_coloured_pillars_altar, serial_shops,
          nicolae_lakefront_shop, kennysheep_big_empty_room, uniq_joseph,
          uniq_erica
D:11:     layout_basic, amcnicky_mini_pool_small, nicolae_take_the_stairs
D:12:     layout_cave_pods, erik_orc_3
D:13:     minmay_shoctagon, layout_cave_pods, uniq_nessos
Temple:   cyrus_circular_temple
Orc:1:    layout_diamond_mine, serial_shops, basic_altar
Orc:2:    st_orc_town, layout_caves, basic_altar

Skill      XL: |  1  2  3  4  5  6  7  8  9 10 11 12 13 |
---------------+----------------------------------------+-----
Alchemy        | 5 6 8 9 10 11 12 13 14 | 14.5
Spellcasting   | 3 4 5 8 10 11 | 11.0
Polearms       | 3 4 |  4.0
Conjurations   | 1 3 4 5 |  5.0
Air Magic      | 2 4 |  4.0
Dodging        | 3 5 |  5.0
Fighting       | 1 4 |  4.0
Evocations     | 1 5 |  5.0
Fire Magic     | 1 2 4 |  4.0
Invocations    | 5 |  5.0
Armour         | 3 4 |  4.0
Ice Magic      | 4 5 |  5.7
Stealth        | |  2.1

Action                     |  1- 3 |  4- 6 |  7- 9 | 10-12 | 13-15 || total
---------------------------+-------+-------+-------+-------+-------++-------
  Melee: Short sword       |    40 |    20 |       |       |       ||    60
         Tailslap          |     1 |       |       |       |       ||     1
         Whip              |    15 |     5 |       |       |       ||    20
         Trident           |       |    29 |   305 |       |       ||   334
         Punch             |       |     2 |     7 |     3 |     1 ||    13
         Rapier            |       |       |     5 |   121 |       ||   126
         Halberd           |       |       |       |   159 |       ||   159
         Spear             |       |       |       |    93 |    40 ||   133
  Throw: Stone             |       |       |     2 |     1 |       ||     3
         Dart              |       |       |       |     8 |       ||     8
   Cast: Sting             |    52 |    66 |    23 |    24 |     1 ||   166
         Olgreb's Toxic Ra |       |     5 |    32 |    59 |    21 ||   117
         Mephitic Cloud    |       |       |     5 |     9 |       ||    14
         Sticky Flame      |       |       |    10 |    29 |     3 ||    42
         Fulminant Prism   |       |       |       |    28 |     1 ||    29
         Ozocubu's Armour  |       |       |       |     2 |     2 ||     4
 Invoke: Line Pass         |       |       |     1 |       |       ||     1
         Stomp             |       |       |       |     1 |       ||     1
Ability: Begin Untransform |       |       |       |     1 |       ||     1
  Evoke: Wand              |       |       |       |     9 |     2 ||    11
    Use: Scroll            |       |     5 |     4 |     7 |       ||    16
         Potion            |       |       |     5 |     1 |     1 ||     7
   Stab: Sleeping          |     2 |       |     5 |     1 |       ||     8
         Confused          |       |       |     3 |     3 |       ||     6
         Paralysed         |       |       |     3 |    22 |     7 ||    32
 Armour: Robe              |    32 |    41 |   157 |    91 |       ||   321
         Swamp dragon scal |       |       |       |   207 |    55 ||   262
  Dodge: Dodged            |    37 |    56 |   325 |   365 |    48 ||   831
   Form: Beast             |       |       |       |     1 |       ||     1

Table legend: (Time is in decaauts)
 A = Elapsed time spent in this place.
 B = Non-inter-level travel time spent in this place.
 C = Inter-level travel time spent in this place.
 D = Time resting spent in this place.
 E = Time spent auto-exploring this place.
 F = Levels seen in this place.
 G = Mean time per level.
                   A        B        C        D        E       F      G
               +--------+--------+--------+--------+--------+-----+--------+
         Total |  16204 |  15452 |    752 |   2969 |   8588 |  16 | 1012.8 |
       Dungeon |  15468 |  14738 |    730 |   2815 |   8236 |  13 | 1189.8 |
        Temple |      1 |      1 |      0 |      0 |      0 |   1 |    1.0 |
  Orcish Mines |    734 |    713 |     21 |    154 |    351 |   2 |  367.0 |
               +--------+--------+--------+--------+--------+-----+--------+

Top non-repeatable levels by time:
     D:7: 2392 daAuts
     D:4: 1902 daAuts
    D:12: 1649 daAuts
    D:10: 1363 daAuts
     D:6: 1314 daAuts
     D:8: 1154 daAuts
     D:1: 1119 daAuts
     D:5: 1100 daAuts
     D:3: 1000 daAuts
     D:2: 959 daAuts
     D:9: 854 daAuts
    D:11: 615 daAuts
   Orc:1: 510 daAuts
   Orc:2: 223 daAuts
    D:13: 41 daAuts
